 Dungeon Crawl Stone Soup version 0.21.1-1-g345015f (webtiles) character file.

240 inc the Magician (level 6, -19/36 HPs)
             Began as an Octopode Ice Elementalist on May 1, 2018.
             Demolished by an ogre
             ... wielding a +0 giant club
              (26 damage)
             ... on level 4 of the Dungeon.
             The game lasted 00:09:04 (2993 turns).

inc the Magician (Octopode Ice Elementalist)        Turns: 2993, Time: 00:09:05

Health: -19/36     AC:  1    Str: 10 (13) XL:     6   Next: 8%
Magic:  11/14      EV: 17    Int: 17 (19) God:
Gold:   214        SH:  0    Dex:  9 (12) Spells: 15/16 levels left

rFire    . . .     SeeInvis .   l - +1 trident (protect)
rCold    . . .     Gourm    .   (no shield)
rNeg     . . .     Faith    .   (helmet restricted)
rPois    .         Spirit   .   p - amulet of regeneration
rElec    .         Reflect  .   c - +4 ring of evasion
rCorr    .         Harm     .   (no ring)
MR       .....                  (no ring)
Stlth    +++.......             (no ring)
HPRegen  0.52/turn              (no ring)
MPRegen  0.14/turn              (no ring)
                                (no ring)
                                (no ring)

@: mighty
A: almost no armour, stealthy swim, amphibious, 8 rings, constrict 8, camouflage
1, gelatinous body 1
a: no special abilities


You were on level 4 of the Dungeon.
You were not hungry.

You visited 1 branch of the dungeon, and saw 4 of its levels.

You collected 214 gold pieces.

Inventory:

Hand Weapons
 e - a +0 short sword
 l - a +1 trident of protection (weapon)
 m - a +2 dagger of venom
Jewellery
 c - a +4 ring of evasion (left tentacle)
 k - an uncursed amulet of regeneration
 p - an amulet of regeneration (around mantle)
Wands
 r - a wand of paralysis (20)
Scrolls
 g - a scroll of blinking
 h - a scroll of identify
 i - a scroll of enchant weapon
 n - 3 scrolls of remove curse
 o - a scroll of teleportation
 q - a scroll of random uselessness {unknown}
Potions
 d - a potion of cancellation
 j - a potion of flight
 s - 2 potions of degeneration
 u - a potion of lignification
 v - a potion of heal wounds {unknown}
Books
 a - a book of Frost

   Spells                             Type                      Level
   a - Freeze                         Ice                          1
   b - Throw Frost                    Conjuration/Ice              2
   c - Ozocubu's Armour               Charms/Ice                   3
   d - Throw Icicle                   Conjuration/Ice              4
   e - Summon Ice Beast               Ice/Summoning                4
Comestibles
 b - 3 rations


   Skills:
 - Level 2.0 Dodging
 - Level 2.6 Stealth
 + Level 5.7 Spellcasting
   Level 1.0 Conjurations
 - Level 3.0 Ice Magic


You had 15 spell levels left.
You knew the following spells:

 Your Spells              Type           Power        Failure   Level  Hunger
a - Freeze                Ice            ###.         3%          1    None


Dungeon Overview and Level Annotations

Branches:
Dungeon (4/15)
 Temple: D:4-7

Altars:
Dithmenos
Vehumet

Shops:
D:4 :


Innate Abilities, Weirdness & Mutations

You cannot wear most types of armour.
You are very stealthy in the water. (Stealth+)
You are amphibious.
You can wear up to eight rings at the same time.
You can use your tentacles to constrict eight enemies at once.
Your skin changes colour to match your surroundings (Stealth+).
Your rubbery body absorbs attacks. (AC +1, EV +1)


Message History

Confirm with . or Enter, or press ? or * to list all spells.
Aiming: Freeze
Press: ? - help, Shift-Dir - straight line, f/p - ogre
Aim: an ogre, wielding a giant club (lightly wounded)
You freeze the ogre.
The ogre is lightly wounded.
The ogre hits you with a giant club!!
Ouch! That really hurt!
* * * LOW HITPOINT WARNING * * *
Casting: Freeze
Confirm with . or Enter, or press ? or * to list all spells.
Aiming: Freeze
Press: ? - help, Shift-Dir - straight line, f/p - ogre
Aim: an ogre, wielding a giant club (lightly wounded)
You freeze the ogre.
The ogre is moderately wounded.
You feel very mighty all of a sudden. The ogre hits you with a giant club!!
Ouch! That really hurt!
You die...

......#......# #.#
##.## ######..######
#.# #.## # #..# #.#
#..# #..# #.#
.######.# #..# #.#
...###.# ######..#
###.### ##.##...
........# #.....#
#....... ######.###
#####.#.#.# #..#....
#...# #...O@..#.#
#..#.... ###.#
#.###.###.#####..##...
#.# #............#####
# #.#
###.########.##### #
#.# #.# #.##... # #.#
#.# #.##.## # #.# #.#
#....# ########.# #.#
###### .........# #.#


You could see an ogre.

Vanquished Creatures
  A worker ant (D:4)
  A howler monkey zombie (D:2)
  Robin (D:2)
  3 gnolls (D:4)
  4 adders
  2 oozes
  3 worms
  A dart slug (D:1)
  2 leopard geckos
  8 orcs
  2 ball pythons
  4 giant cockroaches
  12 goblins
  16 hobgoblins
  9 jackals
  12 kobolds
  4 bats
  6 frilled lizards
  7 rats
98 creatures vanquished.

Vanquished Creatures (others)
  A kobold (D:2)
1 creature vanquished.

Grand Total: 99 creatures vanquished

Notes
Turn   | Place    | Note
-------+----------+-------------------------------------------
     0 | D:1      | inc the Octopode Ice Elementalist began the quest for the Orb.
     0 | D:1      | Reached XP level 1. HP: 11/11 MP: 3/3
   333 | D:1      | Reached XP level 2. HP: 17/17 MP: 0/5
   798 | D:1      | Reached skill level 3 in Spellcasting
   876 | D:1      | Reached XP level 3. HP: 21/21 MP: 2/7
  1764 | D:2      | Noticed Robin
  1781 | D:2      | Killed Robin
  1781 | D:2      | Reached skill level 4 in Spellcasting
  1781 | D:2      | Reached XP level 4. HP: 24/27 MP: 10/10
  1849 | D:2      | Found a radiant altar of Vehumet.
  2081 | D:2      | Found a shadowy altar of Dithmenos.
  2272 | D:3      | Reached XP level 5. HP: 30/31 MP: 11/11
  2422 | D:3      | Reached skill level 5 in Spellcasting
  2881 | D:4      | Found Rity's Book Boutique.
  2893 | D:4      | Reached XP level 6. HP: 26/36 MP: 12/14
  2993 | D:4      | Demolished by an ogre

Skill      XL: |  1  2  3  4  5 |
---------------+----------------+-----
Spellcasting   | 3 4 5 |  5.7
Dodging        | |  2.0
Stealth        | |  2.6
Conjurations   | |  1.0
Ice Magic      | |  3.0

Action                   |  1- 3 |  4- 6 || total
-------------------------+-------+-------++-------
Melee: Unarmed           |     7 |       ||     7
       Constrict         |    11 |    40 ||    51
       Short sword       |    25 |       ||    25
       Trident           |    17 |   190 ||   207
       Tentacles         |     4 |    26 ||    30
 Cast: Freeze            |    37 |     3 ||    40
  Use: Potion            |     1 |     3 ||     4
       Scroll            |       |    10 ||    10
 Stab: Sleeping          |     6 |     5 ||    11
  Eat: Chunk             |     3 |     4 ||     7
Armor: Skin              |     6 |    37 ||    43
Dodge: Dodged            |    46 |   154 ||   200
